 Dungeon Crawl Stone Soup version 0.27-a0-3-gcf006a40f5 (webtiles) character file.

Game seed: 10056258299523867538

2081 sahdkjhfkaj the Gusty (level 9, -18/64 HPs)
             Began as a Yellow Draconian Venom Mage on Jan 1, 2021.
             Was an Initiate of Sif Muna.
             Engulfed by a cloud of flame (20 damage)
             ... on level 5 of the Dungeon.
             The game lasted 00:13:06 (7686 turns).

sahdkjhfkaj the Gusty (Yellow Draconian Venom Mage) Turns: 7686, Time: 00:13:06

Health: -18/64     AC:  7    Str: 10    XL:     9   Next: 6%
Magic:  3/24       EV: 12    Int: 19    God:    Sif Muna [......]
Gold:   359        SH:  0    Dex: 12    Spells: 3/16 levels left

rFire    . . .     SeeInvis .   a - +2 dagger "Fudim" {elec, rPois MP+9 Stlth-}
rCold    . . .     Faith    .   (no shield)
rNeg     . . .     Spirit   .   (armour unavailable)
rPois    +         Reflect  .   (helmet restricted)
rElec    .         Harm     .   (no cloak)
rCorr    +         Rampage  .   (no gloves)
Will     .....                  (no boots)
Stlth    ..........             (no amulet)
HPRegen  0.20/turn              (no ring)
MPRegen  0.19/turn              (no ring)

@: silence, very slightly contaminated
A: spit acid, unfitting armour, cold-blooded, acid resistance, AC +7
a: Breathe Acid, Renounce Religion


You were on level 5 of the Dungeon.
You worshipped Sif Muna.
Sif Muna was noncommittal.
You visited 2 branches of the dungeon, and saw 7 of its levels.

You collected 359 gold pieces.

Inventory:

Hand Weapons
 a - the +2 dagger "Fudim" (weapon) {elec, rPois MP+9 Stlth-}
   (You found it on level 4 of the Dungeon)

   Occasionally, upon striking a foe, it can discharge electrical energy and
   cause terrible harm.
   It protects you from poison.
   It affects your magic capacity (+9).
   It makes you less stealthy.
Wands
 m - a wand of flame (9)
Scrolls
 b - a scroll of amnesia
 c - 3 scrolls of fog
 e - a scroll of noise
 g - 3 scrolls of teleportation {!r}
 i - 10 scrolls of remove curse
 j - 2 scrolls of enchant weapon
 l - a scroll of fear
 o - a scroll of immolation
 p - 2 scrolls of enchant armour
Potions
 d - 2 potions of might {unknown}
 h - 2 potions of lignification {unknown}
 k - 2 potions of mutation {unknown}
 n - a potion of cancellation {unknown}
 q - 2 potions of curing
 r - 2 potions of flight {unknown}


   Skills:
 - Level 1.0 Fighting
 - Level 2.0 Short Blades
 - Level 1.7 Dodging
 - Level 1.7 Stealth
 - Level 4.0 Spellcasting
 - Level 5.0 Summonings
 - Level 1.0 Transmutations
 + Level 7.0 Air Magic
 - Level 5.0 Poison Magic
 - Level 5.0 Evocations


You had 3 spell levels left.
You knew the following spells:

 Your Spells              Type           Power        Failure   Level
a - Sting                 Tmut/Pois      60%          4%          1
d - Mephitic Cloud        Conj/Pois/Air  19%          8%          3
x - Poisonous Vapours     Pois/Air       52%          1%          2
A - Olgreb's Toxic Radia  Pois           22%          17%         4
C - Ignite Poison         Fire/Tmut/Pois 11%          19%         3

Your spell library contained the following spells:

 Spells                   Type           Power        Failure   Level


Dungeon Overview and Level Annotations

Branches:
Dungeon (6/15)             Temple (1/1) D:5

Altars:
Ashenzari
Cheibriados
Dithmenos
Elyvilon
Fedhas
Gozag
Hepliaklqana
Kikubaaqudgha
Makhleb
Nemelex Xobeh
Okawaru
Qazlal
Sif Muna
Trog
Vehumet
Wu Jian
Xom
Yredelemnul
Zin

Annotations:
D:3 3 runed translucent doors, Calibrex's ghost, amateur FoFi; frontbutt's ghost, amateur DrBe


Innate Abilities, Weirdness & Mutations

You can spit globs of acid.
Your golden yellow scales are hard. (AC +7)
You cannot fit into any form of body armour.
You are cold-blooded and may be slowed by cold attacks.
You are resistant to acid. (rCorr)


Message History

The wight is engulfed in blazing flames.
The wight closely misses you.
You hit the wight.
The wight is severely damaged.
You are engulfed in blazing flames.
You hit the wight.
You destroy the wight!
Sif Muna accepts your kill.
You are engulfed in blazing flames.
* * * LOW HITPOINT WARNING * * *
Your life force feels restored.
Your Air Magic skill increases to level 7!
Okay, then.
Press: ? - help, v - describe, . - travel A stone staircase leading down.
There is a cloud of flame here.
As you read the scroll labelled QIXTAU ELOBRYU, it crumbles to dust.
A profound silence engulfs you.
It was a scroll of silence.
You are engulfed in blazing flames.
You die...

#.....#...###
8.....8#.....#...#
#.....##.....#####
#8...8##.....#
##.....#####.##
#8.....8# #.##
#.°○°.# #..##
#8○○○8# ##..# ##@##
######.#####
#######....#.....##
##.##.............#
#.................
###...............
#...............
#...............
#..............^
#..............^


There were no monsters in sight!

Vanquished Creatures
  Pikel (D:5)
  Grinder (D:5)
  Sigmund (D:2)
  Edmund (D:5)
  2 ogres
  A centaur (D:5)
  2 lemures (D:5)
  A bullfrog (D:6)
  6 wights
  A howler monkey (D:4)
  A centaur skeleton (D:4)
  2 orc priests
  A hound (D:5)
  An orc wizard (D:4)
  A bullfrog skeleton (D:5)
  An iguana (D:4)
  3 worker ants
  A hound zombie (D:4)
  Robin (D:2)
  8 gnolls
  8 adders
  An ufetubus (D:6)
  2 adder skeletons (D:4)
  5 worms
  A dart slug (D:2)
  2 leopard geckos
  4 orcs
  7 bats
  3 giant cockroaches
  7 goblins
  13 hobgoblins
  19 jackals
  5 kobolds
  A quokka (D:6)
  4 ball pythons
  6 frilled lizards
  A quokka zombie (D:4)
  8 rats
134 creatures vanquished.

Notes
Turn   | Place    | Note
-------+----------+-------------------------------------------
     0 | D:1      | sahdkjhfkaj the Draconian Venom Mage began the quest for
                  | the Orb.
     0 | D:1      | Reached XP level 1. HP: 14/14 MP: 3/3
   161 | D:1      | Reached skill level 1 in Fighting
   398 | D:1      | Reached skill level 1 in Short Blades
   508 | D:1      | Reached XP level 2. HP: 23/23 MP: 1/5
   511 | D:1      | Learned a level 2 spell: Poisonous Vapours
   695 | D:2      | Noticed Robin
  1410 | D:2      | Found a sparkling altar of Nemelex Xobeh.
  1420 | D:2      | Reached skill level 1 in Air Magic
  1837 | D:1      | Reached XP level 3. HP: 28/28 MP: 0/6
  2558 | D:2      | Killed Robin
  2559 | D:2      | Reached skill level 2 in Air Magic
  2803 | D:2      | Noticed Sigmund
  3239 | D:2      | Killed Sigmund
  3240 | D:2      | Reached XP level 4. HP: 29/35 MP: 0/10
  3240 | D:2      | Reached XP level 5. HP: 34/40 MP: 0/11
  3245 | D:2      | Learned a level 3 spell: Mephitic Cloud
  3250 | D:2      | Learned a level 4 spell: Olgreb's Toxic Radiance
  3472 | D:2      | Found a glowing silver altar of Zin.
  3472 | D:2      | Found a faded altar of an unknown god.
  3477 | D:2      | Found a burning altar of Makhleb.
  3479 | D:2      | Found an ornate altar of the Wu Jian Council.
  3482 | D:2      | Found a basalt altar of Yredelemnul.
  3605 | D:3      | You fall into a shaft and drop 1 floor!
  3766 | D:4      | Reached XP level 6. HP: 45/47 MP: 10/12
  3783 | D:4      | Got a shimmering dagger
  3783 | D:4      | Identified the +2 dagger "Fudim" {elec, rPois MP+9 Stlth-}
                  | (You found it on level 4 of the Dungeon)
  4251 | D:3      | Found a runed translucent gate.
  4251 | D:3      | Found a runed translucent gate.
  4253 | D:3      | Found a runed translucent gate.
  4255 | D:3      | Noticed frontbutt's ghost (amateur DrBe)
  4255 | D:3      | Noticed Calibrex's ghost (amateur FoFi)
  5209 | D:4      | Reached skill level 5 in Evocations
  5209 | D:4      | Your scales start taking on a golden yellow colour.
  5209 | D:4      | Reached XP level 7. HP: 49/52 MP: 13/13
  5209 | D:4      | Gained mutation: You are resistant to acid. (rCorr) [Yellow
                  | Draconian growth]
  5475 | D:4      | Noticed a shadow
  5476 | D:4      | Found a shadowy altar of Dithmenos.
  5477 | D:4      | Found a hazy altar of Hepliaklqana.
  5509 | D:5      | Entered Level 5 of the Dungeon
  5513 | D:5      | Reached skill level 3 in Air Magic
  5726 | D:5      | Noticed Pikel
  5754 | D:5      | Killed Pikel
  5755 | D:5      | Reached skill level 6 in Air Magic
  5755 | D:5      | Reached XP level 8. HP: 11/59 MP: 14/14
  6362 | D:5      | Found a shimmering altar of Xom.
  6420 | D:5      | Noticed Edmund
  6425 | D:5      | Killed Edmund
  6426 | D:5      | Reached skill level 5 in Poison Magic
  6426 | D:5      | Reached skill level 1 in Summonings
  6634 | D:5      | Learned a level 3 spell: Ignite Poison
  6652 | D:5      | Found a staircase to the Ecumenical Temple.
  6755 | D:5      | Noticed Grinder
  6758 | D:5      | Paralysed by Grinder for 6 turns
  6768 | D:5      | Paralysed by Grinder for 4 turns
  6774 | D:5      | Killed Grinder
  6804 | Temple   | Entered the Ecumenical Temple
  7171 | Temple   | Became a worshipper of Sif Muna the Loreminder
  7451 | D:5      | Reached skill level 5 in Summonings
  7515 | D:6      | Reached XP level 9. HP: 52/64 MP: 6/15
  7685 | D:5      | HP: 2/63 [cloud of flame (24)]
  7686 | D:5      | Reached skill level 7 in Air Magic
  7686 | D:5      | Engulfed by a cloud of flame

Illustrated notes

Levels and vault maps discovered:
D:1:      minmay_arrival_checkered_box, layout_basic, minmay_tetromino_l2
D:2:      kennysheep_big_flooded_room, layout_rooms,
          chequers_temple_overflow_minitemple, lemuel_doored_altar, uniq_robin,
          uniq_sigmund
D:3:      layout_basic, gammafunk_ghost_cemetery
D:4:      layout_basic, riverfiend_overflow_shadow_ancestor
D:5:      layout_rooms, nicolae_overflow_hidden_temple, xom_teletrap_fun,
          minmay_temple_entry_proselytizer, uniq_pikel, uniq_edmund,
          uniq_grinder
D:6:      layout_rooms, nicolae_tso_swordbearing_angel, basic_altar,
          serial_rivers, chequers_serial_rivers_small_a,
          chequers_serial_rivers_small_a, chequers_serial_rivers_small_3,
          chequers_serial_rivers_micro_c, chequers_serial_rivers_room_b,
          chequers_serial_rivers_large_a, chequers_serial_rivers_micro_b,
          fedhas_altar_4
Temple:   minmay_temple_curvy_loop

Skill      XL: |  1  2  3  4  5  6  7  8  9 |
---------------+----------------------------+-----
Fighting       | 1 |  1.0
Short Blades   | 1 2 |  2.0
Air Magic      | 1 2 6 7 |  7.0
Spellcasting   | 4 |  4.0
Evocations     | 2 3 5 |  5.0
Poison Magic   | 5 |  5.0
Summonings     | 5 |  5.0
Dodging        | |  1.7
Stealth        | |  1.7
Transmutations | |  1.0

Action                   |  1- 3 |  4- 6 |  7- 9 || total
-------------------------+-------+-------+-------++-------
Melee: Unarmed           |     3 |       |       ||     3
       Short sword       |    31 |       |       ||    31
       Tailslap          |    10 |    16 |    11 ||    37
       Spear             |    21 |    36 |       ||    57
       Dagger            |       |    90 |    73 ||   163
 Cast: Sting             |    42 |       |       ||    42
       Poisonous Vapours |    22 |    15 |     7 ||    44
       Olgreb's Toxic Ra |       |       |    21 ||    21
       Mephitic Cloud    |       |       |    10 ||    10
       Ignite Poison     |       |       |     8 ||     8
  Use: Scroll            |     7 |     2 |     4 ||    13
       Potion            |     1 |       |       ||     1
 Stab: Sleeping          |     1 |       |       ||     1
Armor: Skin              |    21 |    36 |    31 ||    88
Dodge: Dodged            |    89 |    68 |    97 ||   254

Table legend: (Time is in decaauts)
 A = Elapsed time spent in this place.
 B = Non-inter-level travel time spent in this place.
 C = Inter-level travel time spent in this place.
 D = Time resting spent in this place.
 E = Time spent auto-exploring this place.
 F = Levels seen in this place.
 G = Mean time per level.
                   A        B        C        D        E       F      G
               +--------+--------+--------+--------+--------+-----+--------+
         Total |   7687 |   7471 |    216 |   1124 |   5301 |   7 | 1098.1 |
       Dungeon |   7290 |   7113 |    177 |   1124 |   4945 |   6 | 1215.0 |
        Temple |    396 |    358 |     38 |      0 |    356 |   1 |  396.0 |
               +--------+--------+--------+--------+--------+-----+--------+

Top non-repeatable levels by time:
     D:1: 2322 daAuts
     D:5: 1571 daAuts
     D:2: 1214 daAuts
     D:4: 1062 daAuts
     D:3: 914 daAuts
  Temple: 396 daAuts
     D:6: 206 daAuts
